 Dungeon Crawl Stone Soup version 0.31-a0-175-g9f7f995f2b (webtiles) character file.

Game seed: 10575692624787813837

37 qw the Shooter (level 3, 0/32 HPs)
             Began as a Naga Hunter on June 17, 2023.
             Killed from afar by Sigmund (12 damage)
             ... with a puff of flame
             ... on level 2 of the Dungeon.
             The game lasted 00:00:17 (672 turns).

qw the Shooter (Naga Hunter)                         Turns: 672, Time: 00:00:18

Health: 0/32       AC:  2    Str: 13    XL:     3   Next: 41%
Magic:  3/3        EV:  9    Int:  9    God:
Gold:   27         SH:  0    Dex: 16    Spells: 2/2 levels left

rFire   . . .        Y - +0 shortbow
rCold   . . .        (shield currently unavailable)
rNeg    . . .        c - +0 leather armour
rPois   +            (no helmet)
rElec   .            (no cloak)
rCorr   .            (no gloves)
SInv    +            (no barding)
Will    .....        (no amulet)
Stlth   ++           (no ring)
HPRegen 0.25/turn    (no ring)
MPRegen 0.08/turn

%: no passive effects
@: mighty, short of breath, very slow
A: AC +1, large, see invisible, deformed body, poison resistance, slowness 2,
spit poison 1, naga tail 1
a: Spit Poison


You were on level 2 of the Dungeon.
You visited 1 branch of the dungeon, and saw 2 of its levels.

You collected 27 gold pieces.


Innate Abilities, Weirdness & Mutations

Your serpentine skin is tough. (AC +1)
You have supernaturally acute eyesight. (SInv)
Armour fits poorly on your strangely shaped body.
Your system is resistant to poisons. (rPois)
You cover ground very slowly.
You can spit poison.
You have a snake-like lower body.


   Skills:
 - Level 2.0 Fighting
 + Level 4.7 Ranged Weapons
 - Level 1.5 Dodging
 - Level 1.5 Stealth


You had 2 spell levels left.
You didn't know any spells.
Your spell library was empty.

Inventory:

Hand Weapons
 Y - a +0 shortbow (weapon)
Armour
 c - a +0 leather armour (worn)
Jewellery
 d - a ring of ice
Scrolls
 a - a scroll of identify
Potions
 g - a potion of might
 j - a potion of curing {unknown}

Dungeon Overview and Level Annotations

Branches:
Dungeon (2/15)

Altars:

Annotations:
D:2 Sigmund


Message History

g - 2 amethyst potions (gained 1)
Found a stone staircase leading up.
Sigmund the Dreaded comes into view.
He is wielding a +0 scythe and wearing a +1 robe of cold resistance.
Found 8 stones.
You shoot an arrow. The arrow hits Sigmund.
Sigmund shouts!
Sigmund is lightly wounded.
You hear an angry hiss.
Sigmund breathes a few words.
Sigmund's hands start flickering wildly.
You shoot an arrow. The arrow completely misses Sigmund.
663 ||| INVOKING Spit Poison.
Aiming: Spit Poison (2% risk of failure)
Press: ? - help, Shift-Dir - straight line, f/p - Sigmund The splash of poison misses Sigmund.
You shoot an arrow.
The arrow hits Sigmund but does no damage.
Sigmund is lightly wounded.
You shoot an arrow. The arrow barely misses Sigmund.
You shoot an arrow. The arrow barely misses Sigmund.
Sigmund barely misses you.
You shoot an arrow. The arrow barely misses Sigmund.
Sigmund casts a spell at you. The magic dart hits you.
You shoot an arrow. The arrow closely misses Sigmund.
You have got your breath back.
Sigmund hits you from afar with a +0 scythe.
669 ||| INVOKING Spit Poison.
Aiming: Spit Poison (2% risk of failure)
Press: ? - help, Shift-Dir - straight line, f/p - Sigmund The splash of poison misses Sigmund.
Sigmund hits you from afar with a +0 scythe!
You shoot an arrow. The arrow hits Sigmund!
Sigmund is heavily wounded.
Sigmund hits you from afar with a +0 scythe!
671 ||| DRINKING 2 amethyst potions.
It was a potion of might.
You feel very mighty all of a sudden. Sigmund gestures at you while chanting.
The puff of flame hits you!
You die...

#..###.# #.#
#......# ##.#
##.##..# #<.#
#.##..# #.##
#.##..# #.#
#.##..# #.#
...####.##..# #.#
#..........# #.#
.######@#.#.###.#
(....@...###....#
........#.#.#####
.###.#####.##
#....<..#
#.#######


You could see Sigmund.

Vanquished Creatures
  5 dart slugs (D:1)
  2 ball pythons (D:1)
  3 endoplasms (D:1)
  2 giant cockroaches (D:1)
  4 goblins (D:1)
  3 hobgoblins (D:1)
  4 bats (D:1)
  2 kobolds
  2 rats (D:1)
27 creatures vanquished.

Notes
Turn   | Place    | Note
-------+----------+-------------------------------------------
     0 | D:1      | qw the Naga Hunter began the quest for the Orb.
     0 | D:1      | Reached XP level 1. HP: 19/19 MP: 1/1
     0 | D:1      | 0 ||| qw: Version: 0.3-a-2-g5ab2908
     0 | D:1      | 0 ||| qw: Game counter: 200
     0 | D:1      | 0 ||| qw: Always use a shield: true
     0 | D:1      | 0 ||| qw: God list: Okawaru
     0 | D:1      | 0 ||| qw: Allow faded altars: false
     0 | D:1      | 0 ||| qw: Do Orc after D:15 true
     0 | D:1      | 0 ||| qw: Do second Lair branch before Depths: true
     0 | D:1      | 0 ||| qw: Lair rune preference: random
     0 | D:1      | 0 ||| qw: Plans: Normal
     0 | D:1      | 0 ||| PLANNING D:1-11
    51 | D:1      | 51 ||| INVOKING Spit Poison.
    55 | D:1      | 55 ||| INVOKING Spit Poison.
    78 | D:1      | 78 ||| INVOKING Spit Poison.
    84 | D:1      | Reached skill level 4 in Ranged Weapons
    84 | D:1      | Reached XP level 2. HP: 26/26 MP: 2/2
   152 | D:1      | 152 ||| INVOKING Spit Poison.
   171 | D:1      | 171 ||| INVOKING Spit Poison.
   181 | D:1      | 181 ||| INVOKING Spit Poison.
   186 | D:1      | 186 ||| INVOKING Spit Poison.
   191 | D:1      | 191 ||| INVOKING Spit Poison.
   192 | D:1      | 192 ||| INVOKING Spit Poison.
   195 | D:1      | 195 ||| INVOKING Spit Poison.
   200 | D:1      | 200 ||| FLEEEEING.
   202 | D:1      | 202 ||| FLEEEEING.
   205 | D:1      | Reached XP level 3. HP: 30/32 MP: 3/3
   243 | D:1      | 243 ||| INVOKING Spit Poison.
   252 | D:1      | 252 ||| INVOKING Spit Poison.
   257 | D:1      | 257 ||| INVOKING Spit Poison.
   320 | D:1      | 320 ||| INVOKING Spit Poison.
   336 | D:1      | 336 ||| INVOKING Spit Poison.
   360 | D:1      | 360 ||| INVOKING Spit Poison.
   361 | D:1      | 361 ||| INVOKING Spit Poison.
   407 | D:1      | 407 ||| INVOKING Spit Poison.
   408 | D:1      | 408 ||| INVOKING Spit Poison.
   412 | D:1      | 412 ||| INVOKING Spit Poison.
   418 | D:1      | 418 ||| INVOKING Spit Poison.
   543 | D:1      | 543 ||| READING scroll labelled EFOD FINEL.
   544 | D:1      | 544 ||| READING scroll labelled WATHRE HEPSEARCH.
   545 | D:1      | 545 ||| READING scroll labelled ZAUSON QOUSK.
   550 | D:1      | 550 ||| READING scroll labelled IHIUVIM YLIDD.
   551 | D:1      | 551 ||| DROPPING scroll of butterflies.
   633 | D:2      | 633 ||| INVOKING Spit Poison.
   660 | D:2      | Noticed Sigmund
   663 | D:2      | 663 ||| INVOKING Spit Poison.
   669 | D:2      | 669 ||| INVOKING Spit Poison.
   671 | D:2      | 671 ||| DRINKING 2 amethyst potions.
   672 | D:2      | Killed from afar by Sigmund

Levels and vault maps discovered:
D:1:      minmay_arrival_cross, layout_basic
D:2:      layout_loops_ring, basic_ecumenical_altar, serial_shops,
          nicolae_shop_bloodbath_and_beyond, chequers_serial_rivers_micro_a,
          nicolae_concentric_dashed_squares_mild, minmay_pentomino_o2,
          uniq_sigmund

Skill      XL: |  1 |
---------------+----+-----
Ranged Weapons | 4 |  4.7
Fighting       | |  2.0
Dodging        | |  1.5
Stealth        | |  1.5

Action                     || total
---------------------------++-------
   Fire: Shortbow          ||    38
Ability: Spit Poison       ||    21
    Use: Scroll            ||     4
         Potion            ||     1
 Armour: Leather armour    ||     2
  Dodge: Dodged            ||     5

Table legend:
 A = Non-vault XP
 B = Vault XP
 C = Vault XP percentage of total XP
 D = Non-vault monster count
 E = Vault monster count
 F = Vault count percentage of total count
                 A         B        C        D         E       F
            +---------+---------+-------+---------+---------+-------
      Total |      54 |       0 |   0.0 |      27 |       0 |   0.0
            +---------+---------+-------+---------+---------+-------
        D:1 |      53 |       0 |   0.0 |      26 |       0 |   0.0
        D:2 |       1 |       0 |   0.0 |       1 |       0 |   0.0
            +---------+---------+-------+---------+---------+-------
